 Dungeon Crawl Stone Soup version 0.30.1 (webtiles) character file.

Game seed: 3488454272675957258

56 GimliDwarf the Vexing (level 3, 0/26 HPs)
             Began as a Gnoll Wanderer on July 3, 2023.
             Slain by Robin
             ... wielding a +0 mace
              (7 damage)
             ... on level 2 of the Dungeon.
             The game lasted 00:02:16 (998 turns).

GimliDwarf the Vexing (Gnoll Wanderer)               Turns: 998, Time: 00:02:17

Health: 0/26       AC:  6    Str: 15    XL:     3   Next: 95%
Magic:  7/7        EV: 11    Int: 12    God:
Gold:   46         SH:  0    Dex:  8    Spells: 6/7 levels left

rFire   . . .        j - +0 mace
rCold   . . .        (no shield)
rNeg    . . .        b - +0 ring mail
rPois   .            (no helmet)
rElec   .            (no cloak)
rCorr   .            (no gloves)
SInv    .            (no boots)
Will    .....        (no amulet)
Stlth   +            (no ring)
HPRegen 0.24/turn    (no ring)
MPRegen 0.10/turn

%: no passive effects
@: no status effects
A: fangs 1, strong nose, distributed training
a: no special abilities


You were on level 2 of the Dungeon.
You visited 1 branch of the dungeon, and saw 2 of its levels.

You collected 46 gold pieces.

Inventory:

Hand Weapons
 j - a +0 mace (weapon)
Armour
 b - a +0 ring mail (worn)
Scrolls
 c - 3 scrolls of teleportation
 d - a scroll of fog
 h - a scroll of blinking {unknown}
 i - 7 scrolls of identify {unknown}
 k - a scroll of fear {unknown}
 l - a scroll of enchant weapon {unknown}
Potions
 a - a potion of heal wounds {unknown}
 e - a potion of curing {unknown}
 f - a potion of brilliance {unknown}
 g - a potion of flight {unknown}
 m - a potion of magic {unknown}


   Skills:
 + Level 1.0 Fighting
 + Level 1.0 Short Blades
 + Level 1.0 Long Blades
 + Level 1.0 Axes
 + Level 1.0 Maces & Flails
 + Level 1.0 Polearms
 + Level 1.0 Staves
 + Level 1.0 Ranged Weapons
 + Level 2.7 Throwing
 + Level 4.6 Armour
 + Level 2.7 Dodging
 + Level 1.0 Stealth
 + Level 1.0 Shields
 + Level 4.6 Unarmed Combat
 + Level 2.9 Spellcasting
 + Level 0.7 Conjurations
 + Level 5.4 Hexes
 + Level 0.7 Summonings
 + Level 0.7 Necromancy
 + Level 0.7 Translocations
 + Level 0.7 Transmutations
 + Level 0.7 Fire Magic
 + Level 0.7 Ice Magic
 + Level 0.7 Air Magic
 + Level 0.7 Earth Magic
 + Level 0.7 Poison Magic
 + Level 1.1 Invocations
 + Level 1.0 Evocations


You had 6 spell levels left.
You knew the following spells:

 Your Spells              Type           Power      Damage    Failure   Level
a - Slow                  Hex            56%        N/A       4%          1

Your spell library contained the following spells:

 Spells                   Type           Power      Damage    Failure   Level
 Portal Projectile        Hex/Tloc       18%        N/A       36%         3
 Call Canine Familiar     Summ           3%         N/A       71%         3
 Ozocubu's Armour         Ice            3%         N/A       71%         3
 Leda's Liquefaction      Hex/Erth       4%         N/A       77%         4
 Ozocubu's Refrigeration  Ice            1%         4d7       100%        7


Dungeon Overview and Level Annotations

Branches:
Dungeon (2/15)

Altars:

Annotations:
D:2 Robin


Innate Abilities, Weirdness & Mutations

You have very sharp teeth.
Your uncanny sense of smell can sniff out nearby items.
Your experience applies equally to all skills.


Message History

The goblin closely misses you. The goblin hits you but does no damage.
You barely miss the goblin. Your punch misses the goblin.
The goblin is severely wounded.
The goblin no longer looks unusually strong.
The goblin closely misses you.
You hit the goblin.
You kill the goblin!
The goblin unwields a +0 dagger.
The goblin wields a +0 sling.
The goblin shoots a sling bullet.
The sling bullet hits you. Robin throws the goblin at you!
The goblin unwields a +0 sling.
The goblin wields a +0 club.
The goblin hits you with a +0 club.
You are too injured to fight recklessly!
You are too injured to fight recklessly!
You are too injured to fight recklessly!
You miss the goblin. Your bite misses the goblin.
The goblin no longer looks unusually strong.
The goblin hits you with a +0 club.
Robin roars a battlecry!
The goblins go into a battle-frenzy!
You hit the goblin.
You kill the goblin!
The goblin shoots a sling bullet.
The sling bullet hits you but does no damage.
You completely miss Robin. Robin throws the goblin at you!
You closely miss Robin.
The goblin no longer looks unusually strong.
The goblin hits you but does no damage. The goblin barely misses you.
Robin roars a battlecry!
The goblin goes into a battle-frenzy!
You sock Robin!
Robin is severely wounded.
The goblin closely misses you. Robin closely misses you.
You hit Robin.
Robin is almost dead.
The goblin hits you but does no damage. Robin hits you with a +0 mace.
* * * LOW HITPOINT WARNING * * *
You hit Robin but do no damage.
Robin is almost dead.
The goblin closely misses you. Robin hits you with a +0 mace!
You die...

#.# #.# #(# #.######## #.#
#†........ #.###.........
∆ #..##..####### .$.....
##.##...###### .......
####)#........... .......
#.......#.#########.......
#.......#.#.g@gg..........
#....†..#.#.###.###......<
#...........# #.†##)......
#.......#.#.# #......g....
#.......#.....<...####g###
#.......#.....##.##
######..#######.g. #..#
#... .... .....


You could see Robin and 2 goblins.

Vanquished Creatures
  An adder (D:2)
  A dart slug (D:1)
  4 endoplasms (D:1)
  2 giant cockroaches (D:1)
  10 goblins
  3 hobgoblins
  3 jackals (D:1)
  7 ball pythons
  4 bats
  A frilled lizard (D:2)
  3 kobolds
  A rat (D:2)
40 creatures vanquished.

Notes
Turn   | Place    | Note
-------+----------+-------------------------------------------
     0 | D:1      | GimliDwarf the Gnoll Wanderer began the quest for the Orb.
     0 | D:1      | GimliDwarf set off with the following items: a +0 club, a
                  | +0 ring mail, a scroll of teleportation, a scroll of fog;
                  | and the following spell memorised: Slow; and the following
                  | spells available to memorise: Portal Projectile, Leda's
                  | Liquefaction.
     0 | D:1      | Reached XP level 1. HP: 13/13 MP: 4/4
   121 | D:1      | Found a faded altar of an unknown god.
   180 | D:1      | Reached XP level 2. HP: 19/19 MP: 5/5
   492 | D:1      | Reached XP level 3. HP: 24/25 MP: 7/7
   896 | D:2      | Reached skill level 1 in Invocations
   946 | D:2      | Reached skill level 1 in Fighting
   946 | D:2      | Reached skill level 1 in Short Blades
   946 | D:2      | Reached skill level 1 in Long Blades
   946 | D:2      | Reached skill level 1 in Axes
   946 | D:2      | Reached skill level 1 in Maces & Flails
   946 | D:2      | Reached skill level 1 in Polearms
   946 | D:2      | Reached skill level 1 in Staves
   946 | D:2      | Reached skill level 1 in Ranged Weapons
   946 | D:2      | Reached skill level 1 in Stealth
   946 | D:2      | Reached skill level 1 in Shields
   946 | D:2      | Reached skill level 1 in Evocations
   978 | D:2      | Noticed Robin
   998 | D:2      | Slain by Robin

Illustrated notes

Levels and vault maps discovered:
D:1:      saegor_arrival_simple_e, layout_rooms,
          dreamdust_ecumenical_altar_statues
D:2:      layout_loops_ring, minmay_stone_trees_medium, uniq_robin

Skill      XL: |  1  2  3 |
---------------+----------+-----
Invocations    | 1 |  1.1
Fighting       | 1 |  1.0
Short Blades   | 1 |  1.0
Long Blades    | 1 |  1.0
Axes           | 1 |  1.0
Maces & Flails | 1 |  1.0
Polearms       | 1 |  1.0
Staves         | 1 |  1.0
Ranged Weapons | 1 |  1.0
Stealth        | 1 |  1.0
Shields        | 1 |  1.0
Evocations     | 1 |  1.0
Throwing       | |  2.7
Armour         | |  4.6
Dodging        | |  2.7
Unarmed Combat | |  4.6
Spellcasting   | |  2.9
Conjurations   | |  0.7
Hexes          | |  5.4
Summonings     | |  0.7
Necromancy     | |  0.7
Translocations | |  0.7
Transmutations | |  0.7
Fire Magic     | |  0.7
Ice Magic      | |  0.7
Air Magic      | |  0.7
Earth Magic    | |  0.7
Poison Magic   | |  0.7

Action                     || total
---------------------------++-------
  Melee: Club              ||    25
         Mace              ||   130
         Bite              ||    11
         Punch             ||     2
   Cast: Slow              ||     1
 Armour: Ring mail         ||    82
  Dodge: Dodged            ||   104
